 Dungeon Crawl Stone Soup version 0.31.0-32-g396128a36d (webtiles) character file.

Game seed: 1079821688592811812

173 TacoSundae the Ruffian (level 5, -1/25 HPs)
             Began as a Vine Stalker Shapeshifter on Apr 7, 2024.
             Killed by divine providence
             ... invoked by an orc priest
              (10 damage)
             ... on level 3 of the Dungeon.
             The game lasted 00:05:10 (1664 turns).

TacoSundae the Ruffian (Vine Stalker Shapeshifter)  Turns: 1664, Time: 00:05:11

Health: -1/25      AC:  3    Str: 18    XL:     5   Next: 53%
Magic:  0/6        EV: 16    Int: 10    God:
Gold:   68         SH:  0    Dex: 14    Spells: 4/4 levels left

rFire   . .          .
                       - Unarmed
rCold   . . .        (no shield)
rNeg    . . .        f - +0 leather armour
rPois   .            (helmet currently unavailable)
rElec   .            (cloak currently unavailable)
rCorr   .            (gloves currently unavailable)
SInv    .            (boots currently unavailable)
Will    .....        (no amulet)
Stlth   +            q - +5 ring of evasion
HPRegen 1.04/turn    (no ring)
MPRegen 0.10/turn

%: guardian spirit
@: beast-form
A: beast (slay +2), fangs 2, regeneration 1, magic shield, antimagic bite, no
potion heal 2
a: Begin Untransformation


You were on level 3 of the Dungeon.
You were a hulking beast.
You visited 1 branch of the dungeon, and saw 3 of its levels.

You collected 68 gold pieces.

Inventory:

Armour
 f - a +0 leather armour (worn)
Jewellery
 k - a ring of resist corrosion
 q - a +5 ring of evasion (left hand)
Talismans
 c - a beast talisman
 d - a flux talisman
Scrolls
 a - a scroll of enchant armour {unknown}
 e - a scroll of revelation {unknown}
 h - a scroll of fog {unknown}
 i - a scroll of vulnerability {unknown}
 l - a scroll of immolation {unknown}
 m - a scroll of amnesia {unknown}
 n - 2 scrolls of identify {unknown}
Potions
 b - a potion of lignification
 g - a potion of curing {unknown}
 j - a potion of enlightenment {unknown}
 o - 2 potions of cancellation {unknown}
 p - a potion of haste {unknown}


   Skills:
 - Level 0.8 Fighting
 - Level 1.5 Dodging
 * Level 5.2 Unarmed Combat
 + Level 4.0 Shapeshifting


You had 4 spell levels left.
You didn't know any spells.
Your spell library contained the following spells:

 Spells                   Type           Power      Damage    Failure   Level
 Magic Dart               Conj           0%         1d3       41%         1
 Blink                    Tloc           0%         N/A       56%         2
 Lesser Beckoning         Tloc           0%         N/A       56%         2
 Momentum Strike          Conj/Tloc      0%         3d8       56%         2
 Searing Ray              Conj           0%         2d4       56%         2
 Fulminant Prism          Conj/Alch      0%         3d5       99%         4


Dungeon Overview and Level Annotations

Branches:
Dungeon (3/15)

Altars:

Annotations:
D:3 exclusion: 4 doors


Innate Abilities, Weirdness & Mutations

You are a hulking beast.
Your limbs bulge with bestial killing power. (Slay +2)
You have extremely sharp teeth.
Your natural rate of healing is unusually fast.
When hurt, damage is shared between your health and your magic reserves.
Your bite disrupts and absorbs the magic of your enemies.
Potions cannot restore your health.


Message History

a +0 whip; a +0 ring mail; an orc corpse You punch the orc!
You kill the orc!
The orc priest hits you with a +0 war axe!
An orc wizard comes into view. It is wielding a +0 dagger.
Things that are here:
a +0 club; an orc corpse You closely miss the orc priest.
Your punch misses the orc priest. You hit the orc but do no damage.
You bite the orc. You drain its power.
You feel invigorated.
The orc is heavily wounded.
The orc priest closely misses you. The orc hits you but does no damage.
You hit the orc priest. Your bite misses the orc priest.
The orc priest is lightly wounded.
The orc priest misses you. The orc closely misses you.
You hit the orc priest.
The orc priest is heavily wounded.
The orc priest invokes the aid of Beogh against you.
Pain shoots through your body!
You hit the orc priest but do no damage.
You bite the orc priest. You drain its power.
You feel invigorated.
The orc priest is severely wounded.
The orc hits you with a +0 club.
The orc priest calls down the wrath of Beogh upon you.
Beogh smites you!
* * * LOW HITPOINT WARNING * * *
You closely miss the orc priest.
You bite the orc priest, but do no damage.
The orc priest is severely wounded.
The orc misses you. The orc priest barely misses you.
You hit the orc priest but do no damage.
Your bite misses the orc priest.
The orc priest is severely wounded.
The orc priest misses you.
You hit the orc priest.
You bite the orc priest, but do no damage.
The orc priest is almost dead.
The orc priest calls down the wrath of Beogh upon you.
Beogh smites you!
You die...

######.# #.
<......# #.#
######.# #.# #.#
#.# #.# #.# #.#
#.# #.#
##.#######... ###
#.# #.ooo....$...
..# #.#
#.h#######... #.#
#..#...# #.#
#######......# #.#
........##...#####
#.#
##########........
#.# #..######
#.########## #..#
#........).# #..#
##########.# #..#


You could see an orc priest, an orc wizard and an orc.

Vanquished Creatures
  An orc priest (D:3)
  Jessica (D:2)
  An orc wizard (D:3)
  2 gnolls
  An adder (D:2)
  2 dart slugs
  A ribbon worm (D:2)
  5 orcs (D:3)
  4 ball pythons
  2 endoplasms
  2 giant cockroaches
  4 goblins
  7 hobgoblins
  4 jackals (D:3)
  3 kobolds
  2 quokkas (D:1)
  3 bats (D:1)
  5 frilled lizards
  3 rats
53 creatures vanquished.

Notes
Turn   | Place    | Note
-------+----------+-------------------------------------------
     0 | D:1      | TacoSundae the Vine Stalker Shapeshifter began the quest
                  | for the Orb.
     0 | D:1      | Reached XP level 1. HP: 9/9 MP: 2/2
   221 | D:1      | Reached XP level 2. HP: 11/14 MP: 1/3
   353 | D:1      | Reached XP level 3. HP: 17/17 MP: 4/4
   770 | D:2      | Reached skill level 4 in Unarmed Combat
  1029 | D:2      | Reached XP level 4. HP: 21/21 MP: 5/5
  1247 | D:2      | Noticed Jessica
  1255 | D:2      | Killed Jessica
  1580 | D:3      | Reached skill level 5 in Unarmed Combat
  1580 | D:3      | Reached XP level 5. HP: 19/25 MP: 3/6
  1664 | D:3      | Killed from afar by an orc priest

Illustrated notes

Levels and vault maps discovered:
D:1:      dpeg_arrival_concentric_ovals, layout_basic
D:2:      layout_loops_ring, uniq_jessica
D:3:      lemuel_castle_with_subvaults [lemuel_castle_interior_carwin_2],
          layout_loops_ring, okawaru_altar_gauntlet_db, gammafunk_ghost_grave

Skill      XL: |  1  2  3  4  5 |
---------------+----------------+-----
Unarmed Combat | 4 5 |  5.2
Shapeshifting  | 4 |  4.0
Fighting       | |  0.8
Dodging        | |  1.5

Action                     |  1- 3 |  4- 6 || total
---------------------------+-------+-------++-------
  Melee: Unarmed           |    70 |    70 ||   140
         Bite              |    13 |    20 ||    33
         Punch             |     1 |     1 ||     2
 Armour: Leather armour    |    23 |    28 ||    51
  Dodge: Dodged            |    29 |    27 ||    56
